Map: Shrines of Lizul

Players

PureLegacy - Winner!

  • Race: Terran Terran
  • Spawn Location: 9:00

llllllllllll - Winner!

  • Race: Protoss Protoss
  • Spawn Location: 6:00

Lithian

  • Race: Protoss Protoss
  • Spawn Location: 12:00

vzq

  • Race: Terran Terran
  • Spawn Location: 3:00

VOD

Have the link to the VOD?

Description

Time

  • Played on: Nov. 26, 2018, 8:44 a.m.
  • Length: 12:29
Show
View Real Time Build Order
Export as new Build Order

PureLegacy Terran - Winner!

Build Orders:  

Get SALT Encoding   

  12  0:01  SCV  
  13  0:13  SCV  
  14  0:17  Supply Depot  
  14  0:25  SCV  
  15  0:29  Refinery  
  15  0:39  SCV  
  16  0:46  Barracks  
  16  0:51  SCV  
  17  1:03  Barracks  
  17  1:17  Barracks  
  17  1:23  SCV  
  18  1:33  Reaper  
  19  1:40  Orbital Command  
  19  1:49  Refinery  
  19  1:51  Reaper  
  20  2:00  Supply Depot  
  20  2:05  Reaper  
  21  2:12  Reaper  
  21  2:14  SCV  
  23  2:24  Reaper  
  23  2:27  SCV  
  23  2:29  Supply Depot  
  25  2:37  Reaper  
  26  2:47  Reaper  
  27  2:53  SCV  
  27  3:00  Reaper  
  28  3:05  SCV  
  28  3:12  Command Center  
  29  3:19  Reaper  
  30  3:26  Reaper  
  31  3:34  Reaper  
  32  3:47  SCV  
  33  3:50  Barracks  
  33  3:51  Barracks  
  33  3:54  Reaper  
  34  3:59  SCV  
  33  4:04  Reaper  
  33  4:07  Reaper  
  35  4:11  SCV  
  35  4:12  Supply Depot  
  36  4:26  Reaper  
  36  4:36  Reaper  
  36  4:37  SCV, Orbital Command  
  38  4:40  Reaper  
  37  6:19  SCV x2  
  39  6:33  SCV x2  
  41  6:55  SCV  
  42  7:06  SCV  
  42  7:07  Factory  
  43  7:11  SCV  
  44  7:17  Refinery  
  44  7:18  SCV  
  44  7:21  Refinery  
  45  7:27  SCV  
  46  7:30  SCV  
  47  7:39  SCV  
  47  7:40  Supply Depot  
  47  7:42  SCV  
  47  8:00  SCV  
  47  8:01  Starport  
  47  8:03  Starport x2  
  48  8:07  Engineering Bay  
  48  8:16  SCV x2  
  50  8:38  Missile Turret  
  56  8:43  Missile Turret  
  56  8:46  Missile Turret  
  56  8:47  Missile Turret  
  50  9:10  Starport  
  50  9:12  Starport  
  50  9:17  Viking x2  
  54  9:29  Missile Turret  
  54  9:32  Missile Turret  
  49  9:47  Viking  
  49  9:48  Viking  
  49  9:49  Viking x2  
  57  10:14  Starport  
  57  10:17  Viking  
  57  10:18  Viking x2  
  57  10:20  Viking, Starport  
  65  10:50  Viking x2  
  65  10:56  Viking x3  
  75  11:00  Viking  
  77  11:16  Supply Depot x2  
  77  11:20  Viking x2  
  81  11:26  Viking x2  
  85  11:38  Viking x2  
  89  11:50  Viking x2  
  93  11:56  Viking x2  
Show
View Real Time Build Order
Export as new Build Order

llllllllllll Protoss - Winner!

Build Orders:  

Get SALT Encoding   

  1  0:00  Probe  
  12  0:06  Probe  
  14  0:22  Pylon  
  14  0:25  Probe  
  15  0:42  Forge  
  15  0:47  Probe  
  16  0:59  Probe  
  16  1:03  Pylon  
  17  1:29  Photon Cannon  
  17  1:30  Pylon  
  17  1:38  Probe  
  17  1:46  Probe  
  18  1:55  Gateway  
  18  1:56  Probe  
  18  1:58  Assimilator  
  19  2:03  Assimilator  
  19  2:05  Probe  
  19  2:13  Probe  
  21  2:23  Probe  
  22  2:33  Nexus  
  22  2:35  Probe  
  23  2:48  Cybernetics Core  
  23  2:52  Probe  
  24  3:00  Probe  
  25  3:08  Probe  
  25  3:12  Pylon  
  26  3:19  Probe  
  26  3:26  Stargate  
  27  3:31  Stalker, Probe  
  30  3:43  Probe  
  30  3:44  Probe  
  31  3:52  Probe  
  31  3:55  Probe  
  34  4:07  Probe  
  34  4:09  Probe  
  35  4:10  Oracle  
  35  4:11  Stargate  
  39  4:17  Probe  
  39  4:18  Assimilator  
  39  4:19  Probe  
  39  4:21  Assimilator  
  41  4:27  Probe  
  42  4:31  Probe  
  40  4:39  Probe  
  40  4:42  Probe  
  41  4:50  Probe  
  41  4:51  Probe  
  41  4:59  Probe  
  40  5:01  Probe  
  40  5:03  Oracle x2  
  48  5:10  Probe x2  
  50  5:18  Probe  
  50  5:22  Probe  
  52  5:34  Pylon  
  52  5:36  Pylon  
  52  5:37  Pylon  
  52  5:40  Stargate  
  52  5:41  Stargate  
  52  5:42  Nexus  
  52  5:43  Stargate  
  52  5:44  Pylon  
  52  5:46  Probe x2  
  52  5:47  Phoenix  
  54  5:55  Phoenix  
  58  5:58  Probe x2  
  60  6:07  Nexus  
  60  6:09  Pylon  
  60  6:12  Pylon  
  60  6:16  Probe  
  60  6:17  Probe  
  62  6:27  Assimilator  
  62  6:28  Probe  
  62  6:29  Probe  
  62  6:31  Oracle x2  
  62  6:32  Assimilator  
  70  6:33  Oracle  
  73  6:43  Assimilator  
  73  6:47  Assimilator  
  73  6:51  Oracle x2  
  79  7:02  Probe  
  79  7:06  Probe x2  
  82  7:10  Probe  
  83  7:17  Oracle x3  
  83  7:18  Probe x2  
  93  7:35  Oracle x2  
  99  7:50  Oracle  
  102  8:01  Oracle  
  102  8:02  Oracle  
  102  8:07  Oracle  
  102  8:10  Oracle  
  114  8:21  Oracle  
  114  8:30  Pylon  
  114  8:31  Pylon  
  114  8:33  Pylon  
  117  8:34  Pylon  
  117  8:41  Oracle  
  117  8:42  Oracle  
  117  8:44  Oracle  
  126  9:06  Probe x4  
  126  9:07  Oracle  
  127  9:18  Probe  
  125  9:42  Oracle  
  125  9:55  Oracle, Pylon  
  125  9:56  Pylon  
  125  9:59  Pylon  
  125  10:02  Pylon  
  125  10:04  Pylon  
  125  10:10  Oracle  
  125  10:11  Oracle  
  125  10:35  Oracle x3  
  125  10:37  Oracle  
  125  10:39  Oracle  
  131  11:12  Oracle x2  
  137  11:43  Oracle x2  
  137  11:44  Oracle  
  146  11:49  Oracle  
  161  12:25  Pylon  
  161  12:26  Pylon  
  161  12:29  Pylon  
Show
View Real Time Build Order
Export as new Build Order

Lithian Protoss 

Build Orders:  

Get SALT Encoding   

  12  0:01  Probe  
  13  0:13  Probe  
  14  0:20  Pylon  
  14  0:25  Probe  
  15  0:34  Probe  
  15  0:42  Gateway, Probe  
  16  0:49  Assimilator  
  17  1:15  Gateway, Probe  
  18  1:32  Pylon  
  18  1:52  Cybernetics Core  
  18  1:55  Assimilator  
  18  2:01  Probe  
  19  2:09  Probe  
  20  2:21  Probe  
  20  2:23  Adept  
  20  2:29  Adept  
  24  2:31  Warp Gate  
  23  2:41  Probe  
  18  3:01  Probe  
  18  3:04  Adept  
  21  3:15  Adept  
  23  3:23  Probe  
  24  3:35  Probe  
  25  3:47  Probe  
  26  3:49  Pylon  
  24  4:07  Adept  
  24  4:08  Adept  
  28  4:12  Shield Battery  
Show
View Real Time Build Order
Export as new Build Order

vzq Terran 

Build Orders: Liberator Opening 

Get SALT Encoding   

  12  0:00  SCV  
  13  0:13  SCV  
  14  0:18  Supply Depot  
  14  0:25  SCV  
  15  0:30  Refinery  
  15  0:44  Barracks  
  15  0:50  SCV  
  15  0:57  Supply Depot  
  16  1:02  SCV  
  17  1:15  SCV  
  18  1:26  Refinery  
  18  1:27  SCV  
  19  1:38  Factory  
  19  1:39  SCV  
  20  1:51  SCV  
  21  1:55  Reaper  
  22  2:03  SCV  
  22  2:05  Barracks  
  23  2:18  Supply Depot  
  22  2:25  SCV  
  22  2:28  Reaper  
  24  2:35  Starport  
  23  2:48  Widow Mine  
  23  2:49  SCV  
  26  2:53  Reaper  
  27  3:05  Reaper  
  28  3:07  SCV  
  28  3:10  Liberator  
  28  3:11  Supply Depot, Widow Mine  
  7  4:10  SCV  
  7  4:33  SCV  
  7  4:35  Widow Mine  
  10  4:45  SCV  
  3  6:50  Widow Mine  
  3  6:51  Supply Depot  
  5  6:56  Supply Depot  
Tags
 
Add a new tag
Caveats
  • Supply blocks, unpowered buildings, or Contaminate may cause inaccurate times.
  • Supply counts are checked every 10 seconds.